[ PARTIDA AOE2 · #514096988 ]
UnrankedCumanos vs Wei
Equipo del jugador · VICT
Equipo rival · DERR
[ ANÁLISIS DE REPETICIÓN · EXTRAÍDO DE LA PARTIDA GRABADA ]
Feudal
10:09
Castillos
27:21
Imperial
39:51
| APM promedio | 90.0 |
| APM pico | 159 |
| eAPM promedio | 33.6 |
| Aldeanos / militares | 126 / 102 |
Foco
⚔️ 30.7% · 🌾 69.3%
Archer ×60 · Scout Cavalry ×24 · Mangonel ×6 · Trebuchet (Packed) ×6 · Knight ×3 · Monk ×1
Feudal
10:29
Castillos
30:17
Imperial
42:00
| APM promedio | 68.7 |
| APM pico | 112 |
| eAPM promedio | 30.2 |
| Aldeanos / militares | 210 / 82 |
Foco
⚔️ 41.8% · 🌾 58.2%
Archer ×34 · Skirmisher ×25 · Mangonel ×15 · Unknown (1944) ×15 · Traction Trebuchet ×4 · Militia ×2
Mapa de la partida
Recursos iniciales + cada clic de construcción. Líneas = muros · curvas = relieve. ◆ oro · ⬟ piedra · ● bayas · ✦ reliquia · ◌ hueco del cierre
Tu base· Abierta — hueco de 4t
Base de Zezlot· Abierta — hueco de 12t
Terreno inicial suavizado · ◌ = hueco del cierre detectado · pasá el cursor para detalles
Inputs por minuto
— jsemosoom - - Zezlot
Build order — jsemosoom
Primeras 150 de 407 acciones detectadas
| 0:01 | Encolar | Villager (Male) |
| 0:01 | Encolar | Villager (Male) |
| 0:01 | Encolar | Villager (Male) |
| 0:03 | Construir | House |
| 0:04 | Construir | House |
| 0:06 | Encolar | Villager (Male) |
| 0:06 | Encolar | Villager (Male) |
| 1:13 | Encolar | Villager (Male) |
| 1:49 | Encolar | Villager (Male) |
| 1:54 | Construir | Lumber Camp |
| 1:59 | Investigar | Loom |
| 2:04 | Encolar | Villager (Male) |
| 2:27 | Encolar | Villager (Male) |
| 3:12 | Encolar | Villager (Male) |
| 3:12 | Encolar | Villager (Male) |
| 3:24 | Encolar | Villager (Male) |
| 3:24 | Encolar | Villager (Male) |
| 3:41 | Encolar | Villager (Male) |
| 3:53 | Encolar | Villager (Male) |
| 4:13 | Encolar | Villager (Male) |
| 4:14 | Encolar | Villager (Male) |
| 4:47 | Encolar | Villager (Male) |
| 4:52 | Construir | House |
| 5:16 | Encolar | Villager (Male) |
| 5:16 | Encolar | Villager (Male) |
| 5:26 | Encolar | Villager (Male) |
| 5:39 | Encolar | Villager (Male) |
| 6:02 | Construir | Mill |
| 7:04 | Construir | House |
| 7:33 | Encolar | Villager (Male) |
| 7:59 | Investigar | Feudal Age |
| 8:30 | Construir | House |
| 8:31 | Construir | House |
| 8:32 | Encolar | Villager (Male) |
| 8:50 | Construir | Barracks |
| 9:02 | Construir | Farm |
| 9:11 | Construir | Palisade Wall |
| 9:11 | Construir | Palisade Wall |
| 9:12 | Construir | Palisade Wall |
| 9:12 | Construir | Palisade Wall |
| 9:13 | Construir | Palisade Wall |
| 9:13 | Construir | Palisade Wall |
| 9:48 | Construir | Mining Camp |
| 10:09 | Edad | Edad Feudal |
| 10:12 | Construir | Archery Range |
| 10:16 | Investigar | Double-Bit Axe |
| 10:17 | Encolar | Spearman |
| 10:20 | Encolar | Villager (Male) |
| 10:33 | Construir | Outpost |
| 10:41 | Encolar | Villager (Male) |
| 10:49 | Construir | Farm |
| 10:53 | Encolar | Archer |
| 11:00 | Construir | Palisade Wall |
| 11:02 | Construir | Palisade Wall |
| 11:12 | Encolar | Villager (Male) |
| 11:14 | Construir | Farm |
| 11:16 | Encolar | Archer |
| 11:35 | Construir | Farm |
| 11:40 | Encolar | Villager (Male) |
| 11:43 | Construir | Farm |
| 11:49 | Construir | Palisade Wall |
| 11:50 | Construir | Palisade Wall |
| 11:51 | Construir | Palisade Wall |
| 11:53 | Construir | Palisade Wall |
| 12:03 | Construir | Farm |
| 12:16 | Encolar | Villager (Male) |
| 12:21 | Encolar | Archer |
| 12:31 | Encolar | Archer |
| 12:42 | Encolar | Villager (Male) |
| 12:45 | Construir | House |
| 12:49 | Encolar | Archer |
| 13:03 | Encolar | Villager (Male) |
| 13:12 | Construir | Blacksmith |
| 13:14 | Construir | Farm |
| 13:15 | Construir | Farm |
| 13:23 | Construir | House |
| 13:27 | Construir | House |
| 13:55 | Encolar | Villager (Male) |
| 13:57 | Encolar | Archer |
| 14:04 | Construir | Farm |
| 14:05 | Construir | Farm |
| 14:09 | Encolar | Archer |
| 14:13 | Construir | Farm |
| 14:14 | Encolar | Villager (Male) |
| 14:20 | Construir | House |
| 14:31 | Construir | Farm |
| 14:37 | Investigar | Fletching |
| 14:37 | Investigar | Fletching |
| 14:38 | Encolar | Archer |
| 14:44 | Encolar | Archer |
| 14:52 | Construir | Farm |
| 14:59 | Construir | House |
| 15:02 | Encolar | Villager (Male) |
| 15:06 | Encolar | Archer |
| 15:07 | Encolar | Villager (Male) |
| 15:24 | Encolar | Archer |
| 15:32 | Encolar | Villager (Male) |
| 15:39 | Construir | Archery Range |
| 15:41 | Encolar | Archer |
| 15:46 | Construir | House |
| 16:03 | Encolar | Villager (Male) |
| 16:13 | Encolar | Archer |
| 16:16 | Encolar | Archer |
| 16:17 | Encolar | Archer |
| 16:17 | Construir | Farm |
| 16:21 | Encolar | Villager (Male) |
| 16:31 | Encolar | Archer |
| 16:31 | Encolar | Archer |
| 16:36 | Encolar | Archer |
| 16:40 | Construir | Farm |
| 16:44 | Encolar | Archer |
| 16:51 | Encolar | Villager (Male) |
| 16:59 | Construir | Stable |
| 17:00 | Encolar | Archer |
| 17:07 | Encolar | Villager (Male) |
| 17:16 | Encolar | Archer |
| 17:24 | Encolar | Villager (Male) |
| 17:40 | Construir | Watch Tower |
| 17:55 | Encolar | Scout Cavalry |
| 17:59 | Encolar | Villager (Male) |
| 18:02 | Construir | Farm |
| 18:02 | Construir | Farm |
| 18:07 | Encolar | Scout Cavalry |
| 18:08 | Encolar | Archer |
| 18:21 | Encolar | Archer |
| 18:34 | Encolar | Scout Cavalry |
| 18:36 | Encolar | Archer |
| 18:37 | Encolar | Villager (Male) |
| 18:50 | Encolar | Villager (Male) |
| 19:16 | Encolar | Archer |
| 19:16 | Encolar | Archer |
| 19:16 | Encolar | Archer |
| 19:18 | Encolar | Villager (Male) |
| 19:18 | Encolar | Archer |
| 19:34 | Encolar | Villager (Male) |
| 19:40 | Construir | Lumber Camp |
| 19:44 | Construir | House |
| 19:50 | Encolar | Villager (Male) |
| 19:55 | Construir | House |
| 20:10 | Encolar | Villager (Male) |
| 20:20 | Encolar | Archer |
| 20:26 | Encolar | Scout Cavalry |
| 20:27 | Encolar | Scout Cavalry |
| 20:29 | Investigar | Scale Barding Armor |
| 20:29 | Investigar | Scale Barding Armor |
| 20:30 | Encolar | Archer |
| 20:33 | Construir | Farm |
| 20:33 | Construir | Farm |
| 20:35 | Investigar | Horse Collar |
| 20:49 | Encolar | Archer |
Build order — Zezlot
Primeras 150 de 458 acciones detectadas
| 0:00 | Encolar | Villager (Male) |
| 0:01 | Construir | House |
| 0:02 | Construir | House |
| 0:11 | Encolar | Villager (Male) |
| 0:15 | Encolar | Villager (Male) |
| 0:15 | Encolar | Villager (Male) |
| 0:47 | Investigar | Loom |
| 0:47 | Encolar | Villager (Male) |
| 0:56 | Encolar | Villager (Male) |
| 1:20 | Encolar | Villager (Male) |
| 1:52 | Encolar | Villager (Male) |
| 3:07 | Encolar | Villager (Male) |
| 3:18 | Encolar | Villager (Male) |
| 3:19 | Encolar | Villager (Male) |
| 3:20 | Encolar | Villager (Male) |
| 3:23 | Construir | Mill |
| 3:29 | Encolar | Villager (Male) |
| 4:35 | Encolar | Villager (Male) |
| 4:49 | Encolar | Villager (Male) |
| 5:07 | Construir | House |
| 5:15 | Encolar | Villager (Male) |
| 5:36 | Encolar | Villager (Male) |
| 5:48 | Encolar | Villager (Male) |
| 5:52 | Encolar | Villager (Male) |
| 5:54 | Encolar | Villager (Male) |
| 5:57 | Construir | Lumber Camp |
| 6:15 | Encolar | Villager (Male) |
| 6:39 | Construir | House |
| 6:48 | Encolar | Villager (Male) |
| 6:51 | Encolar | Villager (Male) |
| 7:11 | Encolar | Villager (Male) |
| 7:13 | Encolar | Villager (Male) |
| 7:15 | Encolar | Villager (Male) |
| 7:18 | Encolar | Villager (Male) |
| 7:18 | Encolar | Villager (Male) |
| 7:19 | Encolar | Villager (Male) |
| 7:21 | Encolar | Villager (Male) |
| 7:29 | Encolar | Villager (Male) |
| 7:44 | Encolar | Villager (Male) |
| 7:45 | Encolar | Villager (Male) |
| 7:50 | Encolar | Villager (Male) |
| 7:52 | Encolar | Villager (Male) |
| 7:59 | Encolar | Villager (Male) |
| 8:07 | Investigar | Feudal Age |
| 8:17 | Construir | Barracks |
| 8:47 | Encolar | Villager (Male) |
| 8:54 | Construir | Mining Camp |
| 9:11 | Construir | House |
| 9:31 | Construir | Mill |
| 9:45 | Construir | House |
| 9:46 | Encolar | Militia |
| 9:46 | Encolar | Militia |
| 10:29 | Edad | Edad Feudal |
| 10:30 | Construir | Watch Tower |
| 10:42 | Construir | Archery Range |
| 10:54 | Encolar | Villager (Male) |
| 11:06 | Construir | Mill |
| 11:32 | Encolar | Villager (Male) |
| 11:37 | Encolar | Archer |
| 11:37 | Encolar | Archer |
| 11:37 | Encolar | Archer |
| 11:45 | Encolar | Archer |
| 12:01 | Encolar | Villager (Male) |
| 12:02 | Construir | House |
| 12:05 | Construir | House |
| 12:06 | Encolar | Archer |
| 12:06 | Encolar | Archer |
| 12:15 | Encolar | Archer |
| 12:29 | Encolar | Archer |
| 12:41 | Encolar | Archer |
| 12:43 | Encolar | Villager (Male) |
| 12:44 | Encolar | Villager (Male) |
| 13:11 | Encolar | Archer |
| 13:13 | Encolar | Villager (Male) |
| 13:18 | Encolar | Villager (Male) |
| 13:27 | Encolar | Archer |
| 13:50 | Encolar | Villager (Male) |
| 13:52 | Encolar | Villager (Male) |
| 13:56 | Encolar | Archer |
| 13:57 | Encolar | Villager (Male) |
| 14:00 | Construir | Blacksmith |
| 14:03 | Encolar | Villager (Male) |
| 14:14 | Encolar | Archer |
| 14:21 | Encolar | Archer |
| 14:23 | Encolar | Villager (Male) |
| 14:30 | Encolar | Archer |
| 14:36 | Encolar | Villager (Male) |
| 14:40 | Investigar | Fletching |
| 14:40 | Encolar | Villager (Male) |
| 14:44 | Construir | Farm |
| 14:52 | Encolar | Archer |
| 14:55 | Construir | Outpost |
| 14:55 | Encolar | Villager (Male) |
| 14:57 | Encolar | Archer |
| 15:25 | Encolar | Archer |
| 15:36 | Encolar | Archer |
| 15:41 | Encolar | Skirmisher |
| 15:42 | Encolar | Skirmisher |
| 15:42 | Encolar | Skirmisher |
| 15:42 | Encolar | Villager (Male) |
| 15:46 | Construir | Mining Camp |
| 15:48 | Construir | Mining Camp |
| 15:50 | Encolar | Archer |
| 15:53 | Encolar | Villager (Male) |
| 15:55 | Encolar | Archer |
| 16:08 | Encolar | Villager (Male) |
| 16:10 | Encolar | Skirmisher |
| 16:12 | Investigar | Padded Archer Armor |
| 16:12 | Investigar | Padded Archer Armor |
| 16:15 | Construir | House |
| 16:24 | Encolar | Archer |
| 16:25 | Encolar | Archer |
| 16:30 | Encolar | Skirmisher |
| 16:38 | Encolar | Villager (Male) |
| 16:39 | Construir | Farm |
| 16:39 | Construir | Farm |
| 16:40 | Construir | Farm |
| 16:50 | Encolar | Skirmisher |
| 16:52 | Encolar | Skirmisher |
| 17:08 | Encolar | Skirmisher |
| 17:08 | Encolar | Archer |
| 17:16 | Construir | Watch Tower |
| 17:20 | Encolar | Villager (Male) |
| 17:20 | Encolar | Skirmisher |
| 17:21 | Encolar | Skirmisher |
| 17:22 | Encolar | Skirmisher |
| 17:23 | Encolar | Archer |
| 17:31 | Encolar | Skirmisher |
| 17:48 | Construir | Watch Tower |
| 17:55 | Encolar | Skirmisher |
| 17:55 | Encolar | Skirmisher |
| 18:05 | Encolar | Skirmisher |
| 18:08 | Encolar | Villager (Male) |
| 18:11 | Construir | Farm |
| 18:12 | Construir | Farm |
| 18:12 | Construir | Farm |
| 18:12 | Construir | Farm |
| 18:12 | Construir | Farm |
| 18:26 | Construir | House |
| 18:42 | Encolar | Archer |
| 19:05 | Encolar | Skirmisher |
| 19:19 | Encolar | Archer |
| 19:23 | Encolar | Villager (Male) |
| 19:25 | Construir | Farm |
| 19:25 | Construir | Farm |
| 19:25 | Construir | Farm |
| 19:25 | Construir | Farm |
| 19:44 | Encolar | Skirmisher |
| 19:51 | Encolar | Skirmisher |
| 19:53 | Construir | House |
Cronología de la partida
| 8:17 | Zezlot · first_building Barracks |
| 8:50 | jsemosoom · first_building Barracks |
| 9:11 | jsemosoom · wall_segment Palisade Wall x1 |
| 9:11 | jsemosoom · wall_segment Palisade Wall x1 |
| 9:12 | jsemosoom · wall_segment Palisade Wall x1 |
| 9:12 | jsemosoom · wall_segment Palisade Wall x1 |
| 9:13 | jsemosoom · wall_segment Palisade Wall x1 |
| 9:13 | jsemosoom · wall_segment Palisade Wall x1 |
| 10:09 | jsemosoom · age_up feudal |
| 10:12 | jsemosoom · first_building Archery Range |
| 10:29 | Zezlot · age_up feudal |
| 10:42 | Zezlot · first_building Archery Range |
| 11:00 | jsemosoom · wall_segment Palisade Wall x2 |
| 11:02 | jsemosoom · wall_segment Palisade Wall x4 |
| 11:49 | jsemosoom · wall_segment Palisade Wall x2 |
| 11:50 | jsemosoom · wall_segment Palisade Wall x1 |
| 11:51 | jsemosoom · wall_segment Palisade Wall x3 |
| 11:53 | jsemosoom · wall_segment Palisade Wall x3 |
| 16:59 | jsemosoom · first_building Stable |
| 19:56 | Zezlot · wall_segment Palisade Wall x1 |
| 21:02 | Zezlot · wall_segment Palisade Wall x1 |
| 21:03 | Zezlot · wall_segment Palisade Wall x1 |
| 21:03 | Zezlot · wall_segment Palisade Wall x1 |
| 21:04 | Zezlot · wall_segment Palisade Wall x1 |
| 21:06 | Zezlot · wall_segment Palisade Wall x1 |
| 23:36 | jsemosoom · wall_segment Palisade Wall x8 |
| 23:46 | jsemosoom · first_market_buy 100 food |
| 23:48 | jsemosoom · first_market_sell 100 wood |
| 27:15 | Zezlot · first_market_sell 100 stone |
| 27:21 | jsemosoom · age_up castle |
| 27:27 | Zezlot · first_market_buy 100 food |
| 28:05 | jsemosoom · first_building Monastery |
| 28:59 | Zezlot · wall_segment Palisade Wall x2 |
| 29:43 | Zezlot · wall_segment Palisade Wall x1 |
| 30:17 | Zezlot · age_up castle |
| 30:31 | Zezlot · first_building Siege Workshop |
| 30:34 | jsemosoom · first_building Siege Workshop |
| 34:14 | Zezlot · first_building Stable |
| 35:40 | jsemosoom · first_building Castle |
| 39:44 | Zezlot · first_building Castle |
| 39:51 | jsemosoom · age_up imperial |
| 42:00 | Zezlot · age_up imperial |
| 44:15 | Zezlot · resign |
[ ANÁLISIS IA · 1 CRÉDITO ]
¿Qué pasó realmente en esta partida?
Wolo.gg analiza cada decisión: build order, eco, micro, errores típicos por bracket. Análisis personalizado por WhatsApp o Discord en 30 segundos.
Guía civ
Cumanos
Perfil
Jugador #2388792